 Dungeon Sprint DCSS version 0.26-a0-652-gafc20e3620 (webtiles) character file.

Game seed: 8277112564390429878

1200000 TerrariaFan the Executioner (level 14, -27/120 HPs)
             Began as a Demonspawn Gladiator on Oct 3, 2020.
             Was a Follower of Makhleb.
             Annihilated by a meat berserker
             ... wielding a +9 battleaxe
              (59 damage)
             ... in the Dungeon (Sprint VIII: "Arena of Blood").
             The game lasted 00:00:13 (12 turns).

TerrariaFan the Executioner (Demonspawn Gladiator)    Turns: 12, Time: 00:00:13

Health: -27/120    AC:  6    Str: 18    XL:     14   Next: 29%
Magic:  0/14       EV: 28    Int:  9    God:    Makhleb [*.....]
Gold:   0          SH:  0    Dex: 17    Spells: 13/13 levels left

rFire    . . .     SeeInvis .   k - +∞ Axe of Woe
rCold    . . .     Faith    .   (shield currently unavailable)
rNeg     . . .     Spirit   +   b - +0 leather armour
rPois    .         Reflect  .   c - +0 helmet
rElec    .         Harm     .   (no cloak)
rCorr    .         Rampage  .   (no gloves)
MR       +....     NoTele   +   (no boots)
Stlth    +.........             (no amulet)
HPRegen  0.30/turn              (no ring)
MPRegen  0.28/turn              (no ring)

@: no status effects
A: talons 2, yellow scales 1, spiny 2, magic shield, magic regeneration, magic
link
a: Renounce Religion


You were in the Dungeon.
You worshipped Makhleb.
Makhleb was aware of your devotion.
You visited 1 branch

Inventory:

Hand Weapons
 a - a +0 war axe
 k - the +∞ Axe of Woe (weapon)
   (You found it in the Dungeon)
Missiles
 d - 3 throwing nets (quivered)
Armour
 b - a +0 leather armour (worn)
 c - a +0 helmet (worn)
Scrolls
 j - a scroll of blinking
Potions
 e - a potion of curing
 f - a potion of heal wounds
 g - a potion of haste
 h - 2 potions of magic
 i - a potion of berserk rage


   Skills:
 + Level 14.2 Fighting
 + Level 21.9 Axes
 + Level 12.3 Throwing
 + Level 1.0 Armour
 + Level 21.3 Dodging


You had 13 spell levels left.
You didn't know any spells.
Your spell library was empty.

Dungeon Overview and Level Annotations

Branches:
Dungeon (1/1)

Altars:
Makhleb


Innate Abilities, Weirdness & Mutations

You have razor-sharp toenails.
You are partially covered in yellow scales. (AC +2)
You are mostly covered in sharp spines.
When hurt, damage is shared between your health and your magic reserves.
You regenerate magic rapidly.
When low on magic, you restore magic in place of health.


Message History

Things that are here:
a +9 war axe; a +30 ring of slaying; a bag of meat corpse An orc, an ogre and a two-headed ogre come into view.
The bag of meat appears out of thin air!
A bag of meat comes into view. It is wielding a +9 war axe.
The bag of meat shouts!
The meat berserker shouts!
The meat berserker rages.
The meat berserker hits you with a +9 battleaxe!!!
* * * LOW HITPOINT WARNING * * *
You hear a shout! x5
A bag of meat comes into view. It is wielding a +9 war axe.
You hear a shout!
A bag of meat comes into view. It is wielding a +9 war axe. x2
You hear a shout! x3; You hear two shouts! 4 orcs come into view.
The meat berserker appears out of thin air!
A meat berserker comes into view. It is wielding a +9 battleaxe.
The bag of meat shouts! x5; The meat berserker shouts!
You hear a shout! x4
The meat berserker hits you with a +9 battleaxe!!!
You die...

......###........
......_....o....
#.....#......
#_.<)_#......
..#.....#......
......_.).......
......###o.......
.###....O..###...
#....O@.# ..
#.o..o.o#
...o.......
...oo...O....
...o.O..o...#..
oo...o....##...
#Oo.o....#. ...
o.o.oo...#.. ##


You could see a large bag of meat (inner flame), 4 meat berserkers and 19 bags
of meat.

Vanquished Creatures
  An ogre (D)
  2 orcs (D)
3 creatures vanquished.

Notes
Turn   | Place    | Note
-------+----------+-------------------------------------------
     0 | D        | Found the +∞ Axe of Woe
     0 | D        | TerrariaFan the Demonspawn Gladiator began the quest for
                  | the Orb.
     0 | D        | Reached XP level 1. HP: 16/16 MP: 1/1
     1 | D        | Noticed a meat berserker
     2 | D        | Noticed a bag of meat
     2 | D        | Noticed a bag of meat
     4 | D        | Killed a meat berserker
     4 | D        | Reached skill level 10 in Throwing
     4 | D        | Gained mutation: You are partially covered in yellow
                  | scales. (AC +2) [demonic ancestry]
     4 | D        | Reached XP level 2. HP: 39/39 MP: 2/2
     4 | D        | Reached XP level 3. HP: 45/45 MP: 3/3
     4 | D        | Reached XP level 4. HP: 52/52 MP: 4/4
     4 | D        | Gained mutation: You are partially covered in sharp spines.
                  | [demonic ancestry]
     4 | D        | Reached XP level 5. HP: 58/58 MP: 5/5
     4 | D        | Gained mutation: When hurt, damage is shared between your
                  | health and your magic reserves. [demonic ancestry]
     4 | D        | Reached XP level 6. HP: 65/65 MP: 6/6
     4 | D        | Gained mutation: You are mostly covered in sharp spines.
                  | [demonic ancestry]
     4 | D        | Reached XP level 7. HP: 71/71 MP: 7/7
     4 | D        | Reached XP level 8. HP: 77/77 MP: 8/8
     4 | D        | Gained mutation: You regenerate magic rapidly. [demonic
                  | ancestry]
     4 | D        | Reached XP level 9. HP: 83/83 MP: 9/9
     4 | D        | Reached XP level 10. HP: 90/90 MP: 10/10
     4 | D        | Gained mutation: You have sharp toenails. [demonic
                  | ancestry]
     4 | D        | Reached XP level 11. HP: 96/96 MP: 11/11
     4 | D        | Reached XP level 12. HP: 103/103 MP: 12/12
     4 | D        | Gained mutation: You have razor-sharp toenails. [demonic
                  | ancestry]
     4 | D        | Reached XP level 13. HP: 109/109 MP: 13/13
     4 | D        | Noticed a bag of meat
     5 | D        | Became a worshipper of Makhleb the Destroyer
     7 | D        | Killed a bag of meat
     8 | D        | Noticed a meat berserker
     8 | D        | Noticed a meat berserker
     8 | D        | Noticed a bag of meat
     8 | D        | Noticed a bag of meat
     9 | D        | Killed a bag of meat
     9 | D        | Reached * piety under Makhleb
     9 | D        | Reached skill level 1 in Armour
     9 | D        | Gained mutation: When low on magic, you restore magic in
                  | place of health. [demonic ancestry]
     9 | D        | Reached XP level 14. HP: 84/120 MP: 9/14
    10 | D        | Noticed a bag of meat
    10 | D        | Noticed a bag of meat
    10 | D        | Noticed a bag of meat
    10 | D        | Noticed a bag of meat
    10 | D        | Noticed a bag of meat
    10 | D        | Noticed a bag of meat
    10 | D        | Noticed a bag of meat
    11 | D        | Noticed a large bag of meat
    11 | D        | Noticed a bag of meat
    11 | D        | Noticed a meat berserker
    11 | D        | Noticed a bag of meat
    11 | D        | Noticed a bag of meat
    11 | D        | Noticed a bag of meat
    12 | D        | Noticed a bag of meat
    12 | D        | Noticed a bag of meat
    12 | D        | Noticed a bag of meat
    12 | D        | Noticed a bag of meat
    12 | D        | Noticed a bag of meat
    12 | D        | Noticed a meat berserker
    12 | D        | Annihilated by a meat berserker

Illustrated notes

Levels and vault maps discovered:
D:        meatsprint

Skill      XL: |  1  2  3  4  5  6  7  8  9 10 11 12 13 |
---------------+----------------------------------------+-----
Fighting       | 12 14 | 14.2
Axes           | 19 21 | 21.9
Throwing       | 10 12 | 12.3
Dodging        | 18 21 | 21.3
Armour         | 1 |  1.0

Action                   |  1- 3 |  4- 6 |  7- 9 | 10-12 | 13-15 || total
-------------------------+-------+-------+-------+-------+-------++-------
Melee: Executioner's axe |     1 |       |       |       |     2 ||     3
Dodge: Dodged            |     1 |       |       |       |       ||     1

Table legend: (Time is in decaauts)
 A = Elapsed time spent in this place.
 B = Non-inter-level travel time spent in this place.
 C = Inter-level travel time spent in this place.
 D = Time resting spent in this place.
 E = Time spent auto-exploring this place.
 F = Levels seen in this place.
 G = Mean time per level.
                   A        B        C        D        E       F      G
               +--------+--------+--------+--------+--------+-----+--------+
         Total |     12 |     12 |      0 |      0 |      0 |   1 |   12.0 |
       Dungeon |     12 |     12 |      0 |      0 |      0 |   1 |   12.0 |
               +--------+--------+--------+--------+--------+-----+--------+

Top non-repeatable levels by time:
       D: 12 daAuts
